 Dungeon Crawl Stone Soup version 0.28.0-43-g3370ac3207 (webtiles) character file.

Game seed: 14365107509105810888

494 boopmooplesden the Chopper (level 6, -16/53 HPs)
             Began as a Minotaur Fighter on Mar 8, 2022.
             Demolished by a kobold brigand
             ... wielding a +0 long sword
              (19 damage)
             ... on level 4 of the Dungeon.
             The game lasted 00:05:17 (3992 turns).

boopmooplesden the Chopper (Minotaur Fighter)       Turns: 3992, Time: 00:05:18

Health: -16/53     AC: 13    Str: 20    XL:     6   Next: 92%
Magic:  5/5        EV:  6    Int:  5    God:
Gold:   125        SH:  5    Dex: 12    Spells: 5/5 levels left

rFire   . . .      SeeInvis .   a - +0 war axe
rCold   . . .      Faith    .   c - +0 buckler
rNeg    . . .      Spirit   .   m - +0 plate armour
rPois   .          Reflect  .   (helmet restricted)
rElec   .          Harm     .   (no cloak)
rCorr   .          Rampage  .   h - +0 pair of gloves
Will    .....                   (no boots)
Stlth   ..........              (no amulet)
HPRegen 0.17/turn               (no ring)
MPRegen 0.09/turn               (no ring)

@: no status effects
A: horns 2, retaliatory headbutt
a: no special abilities


You were on level 4 of the Dungeon.
You visited 1 branch of the dungeon, and saw 4 of its levels.

You collected 125 gold pieces.

Inventory:

Hand Weapons
 a - a +0 war axe (weapon)
Armour
 b - a +0 scale mail
 c - a +0 buckler (worn)
 h - a +0 pair of gloves (worn)
 l - the +2 robe of Salvation {Stlth+}
   (You found it on level 3 of the Dungeon)

   Stlth:     It makes you more stealthy.
 m - a +0 plate armour (worn)
Wands
 t - a wand of flame (31)
Scrolls
 e - a scroll of silence {unknown}
 f - a scroll of brand weapon {unknown}
 i - 2 scrolls of identify
 k - a scroll of enchant weapon {unknown}
 o - a scroll of magic mapping {unknown}
 q - a scroll of fog {unknown}
 r - a scroll of teleportation {unknown}
 s - a scroll of blinking
Potions
 g - a potion of lignification {unknown}
 j - a potion of invisibility {unknown}
 n - a potion of resistance {unknown}
 p - a potion of heal wounds {unknown}


   Skills:
 + Level 4.7 Fighting
 + Level 6.5 Axes
 + Level 5.4 Armour
 + Level 1.2 Dodging
 + Level 4.8 Shields


You had 5 spell levels left.
You didn't know any spells.
Your spell library contained the following spells:

 Spells                   Type           Power      Damage    Failure   Level
 Animate Skeleton         Necr           0%         N/A       100%        1
 Pain                     Necr           0%         1d4       100%        1
 Vampiric Draining        Necr           0%         2d6       100%        3


Dungeon Overview and Level Annotations

Branches:
Dungeon (4/15)
 Temple: D:4-7

Altars:


Innate Abilities, Weirdness & Mutations

You have a pair of horns on your head.
You reflexively headbutt those who attack you in melee.


Message History

The kobold brigand throws a poisoned dart.
The poisoned dart hits you!
You are more poisoned.
You feel very sick.
You feel very sick.
You closely miss the kobold brigand.
You feel sick. You block the kobold brigand's attack.
You barely miss the kobold brigand.
Your headbutt misses the kobold brigand.
You feel sick.
The kobold brigand drinks a potion.
The kobold brigand goes berserk!
The kobold brigand hits you with a +0 long sword.
You closely miss the kobold brigand.
You feel sick. The kobold brigand closely misses you.
The kobold brigand hits you with a +0 long sword.
You barely miss the kobold brigand.
You feel sick. You block the kobold brigand's attack.
The kobold brigand hits you with a +0 long sword.
You slash the kobold brigand!
Your headbutt misses the kobold brigand.
The kobold brigand is lightly wounded.
You feel sick.
The kobold brigand hits you with a +0 long sword!
You block the kobold brigand's attack.
You barely miss the kobold brigand.
The kobold brigand is lightly wounded.
You feel sick.
You are no longer poisoned.
The kobold brigand hits you with a +0 long sword!
* * * LOW HITPOINT WARNING * * *
The kobold brigand hits you but does no damage.
It was a potion of curing.
You feel better.
The kobold brigand hits you with a +0 long sword!
* * * LOW HITPOINT WARNING * * *
As you read the scroll labelled YMULORHAHEPT, it crumbles to dust.
It is a scroll of identify.
s - a scroll of blinking The kobold brigand barely misses you.
The kobold brigand hits you with a +0 long sword!!
You die...

#.####
#.#####
#.##..#
#.##..#####
#..†......#
####..###.#
#..# #..#
#.@# #.K.#
#.....
#.#.##.# #.
#. # #. #.
#. # ..


You could see a kobold brigand (berserk).

Vanquished Creatures
  Eustachio (D:4)
  A water moccasin skeleton (D:4)
  An orc priest (D:2)
  An orc wizard (D:2)
  8 gnolls (D:4)
  6 adders
  A worm (D:3)
  A dart slug (D:3)
  7 orcs
  4 bats
  6 endoplasms
  4 giant cockroaches
  7 goblins
  7 hobgoblins
  11 jackals
  4 kobolds
  3 quokkas
  11 ball pythons
  5 frilled lizards
  8 rats
97 creatures vanquished.

Vanquished Creatures (others)
  3 fungi (D:2)
3 creatures vanquished.

Grand Total: 100 creatures vanquished

Notes
Turn   | Place    | Note
-------+----------+-------------------------------------------
     0 | D:1      | boopmooplesden the Minotaur Fighter began the quest for the
                  | Orb.
     0 | D:1      | Reached XP level 1. HP: 19/19 MP: 0/0
    69 | D:1      | Reached XP level 2. HP: 19/27 MP: 1/1
   495 | D:1      | Found a faded altar of an unknown god.
   650 | D:2      | Reached XP level 3. HP: 32/33 MP: 2/2
   898 | D:2      | Reached skill level 3 in Axes
  1184 | D:2      | Reached skill level 1 in Dodging
  1395 | D:2      | Reached XP level 4. HP: 32/40 MP: 3/3
  1416 | D:2      | Reached skill level 4 in Axes
  1416 | D:2      | Reached skill level 5 in Armour
  1833 | D:2      | Reached XP level 5. HP: 28/46 MP: 4/4
  2008 | D:3      | Identified the +2 robe of Salvation {Stlth+}
  3058 | D:4      | Noticed Eustachio
  3110 | D:4      | Reached skill level 5 in Axes
  3353 | D:4      | Reached XP level 6. HP: 44/53 MP: 5/5
  3695 | D:4      | Killed Eustachio
  3696 | D:4      | Reached skill level 6 in Axes
  3992 | D:4      | Demolished by a kobold brigand

Illustrated notes

Levels and vault maps discovered:
D:1:      minmay_arrival_open_corners, layout_rooms,
          chequers_ecumenical_altar_grove, minmay_misc_feat_room
D:2:      layout_rooms, minmay_shallow_snake_nest
D:3:      layout_basic, fountainhead
D:4:      layout_loops_ring, uniq_edmund, uniq_eustachio

Skill      XL: |  1  2  3  4  5  6 |
---------------+-------------------+-----
Armour         | 4 5 |  5.4
Shields        | 4 |  4.8
Axes           | 3 4 5 6 |  6.5
Dodging        | 1 |  1.2
Fighting       | 4 |  4.7

Action                   |  1- 3 |  4- 6 || total
-------------------------+-------+-------++-------
Melee: War axe           |    95 |   167 ||   262
       Headbutt          |     7 |    17 ||    24
  Use: Potion            |       |     2 ||     2
       Scroll            |       |     1 ||     1
Armor: Scale mail        |    58 |    37 ||    95
       Plate armour      |       |   172 ||   172
Dodge: Dodged            |    59 |   107 ||   166
Block: Buckler           |    26 |    68 ||    94
